 Dungeon Crawl Stone Soup version 0.25.1-2-g60ff931df9 (webtiles) character file.

Game seed: 14007961922944331809

106 FreshCat the Shield-Bearer (level 4, -3/28 HPs)
             Began as a Gargoyle Fighter on Sept 9, 2020.
             Killed from afar by Sigmund (6 damage)
             ... with a puff of flame
             ... on level 3 of the Dungeon.
             The game lasted 00:07:57 (1511 turns).

FreshCat the Shield-Bearer (Gargoyle Fighter)       Turns: 1511, Time: 00:07:58

Health: -3/28      AC: 11    Str: 19    XL:     4   Next: 84%
Magic:  4/4        EV:  7    Int:  9    God:
Gold:   145        SH:  0    Dex: 10    Spells: 3/3 levels left

rFire    . . .     SeeInvis .   q - +0 whip (distort)
rCold    . . .     Gourm    .   c - +0 kite shield
rNeg     + . .     Faith    .   b - +0 scale mail
rPois    ∞         Spirit   .   (no helmet)
rElec    +         Reflect  .   e - +0 cloak
rCorr    .         Harm     .   (no gloves)
MR       .....                  (no boots)
Stlth    ..........             (no amulet)
HPRegen  0.09/turn              (no ring)
MPRegen  0.09/turn              (no ring)

@: confused, brilliant
A: negative energy resistance 1, electricity resistance, unbreathing,
petrification resistance, rot immunity, AC +3
a: no special abilities


You were on level 3 of the Dungeon.
You were not hungry.

You visited 1 branch of the dungeon, and saw 3 of its levels.

You collected 145 gold pieces.

Inventory:

Hand Weapons
 a - a +0 flail
 q - a +0 whip of distortion (weapon)
Missiles
 o - 109 stones (quivered)
Armour
 b - a +0 scale mail (worn)
 c - a +0 kite shield (worn)
 e - a +0 cloak (worn)
Jewellery
 j - an uncursed ring of stealth {unknown}
 k - an uncursed ring of positive energy {unknown}
 s - an uncursed ring of wizardry {unknown}
 t - a +4 ring of evasion {unknown}
Scrolls
 r - a scroll of magic mapping
Potions
 h - a potion of lignification
Comestibles
 f - 5 rations
 i - 2 chunks of flesh


   Skills:
 + Level 3.5 Fighting
 + Level 2.7 Maces & Flails
 + Level 4.0 Armour
 + Level 1.0 Dodging
 + Level 4.4 Shields


You had 3 spell levels left.
You didn't know any spells.
Your spell library contained the following spells:

 Spells                   Type           Power        Failure   Level  Hunger
 Corona                   Hex            #......      99%         1    None
 Ensorcelled Hibernation  Hex/Ice        #.....       100%        2    None
 Confusing Touch          Hex            #.......     100%        3    None
 Dazzling Flash           Conj/Hex       #.....       100%        3    None
 Tukima's Dance           Hex            #.......     100%        3    None


Dungeon Overview and Level Annotations

Branches:
Dungeon (3/15)

Altars:
Gozag

Shops:
D:2 *

Annotations:
D:3 Sigmund


Innate Abilities, Weirdness & Mutations

You are resistant to torment.
Your stone body is resilient. (AC +3)
You are immune to poison.
You resist negative energy. (rN+)
You are resistant to electric shocks. (rElec)
You can survive without breathing.
You are immune to petrification.
You are immune to rotting.


Message History

The orc hits you from afar with a +0 trident.
* * * LOW HITPOINT WARNING * * *
You're too confused!
Space warps around you for a moment!
q - a +0 whip of distortion (weapon)
You bump into the rock wall.
You feel a little less mighty now. Something hits you.
* * * LOW HITPOINT WARNING * * *
The orc hits you but does no damage.
You bump into the rock wall.
You recover from your berserk rage.
The orc hits you but does no damage.
You hear some strange, mumbled words.
You are more confused.
You bump into the rock wall.
You hear some strange, mumbled words.
A puff of flame appears from out of thin air!
The puff of flame hits you.
You die...

#(..#
#(..#
#(..#
#...#
#..?#
#..##
#{## #)#
#@# #)#
o.. .....
.......
#......##
#(....##
##...##


You could see an orc.

Vanquished Creatures
  A crimson imp (D:3)
  2 adders (D:3)
  A dart slug (D:1)
  5 leopard geckos
  5 orcs (D:3)
  7 bats
  3 giant cockroaches
  4 hobgoblins (D:1)
  2 kobolds
  2 ball pythons
  5 goblins
  6 rats
43 creatures vanquished.

Notes
Turn   | Place    | Note
-------+----------+-------------------------------------------
     0 | D:1      | FreshCat the Gargoyle Fighter began the quest for the Orb.
     0 | D:1      | Reached XP level 1. HP: 14/14 MP: 1/1
   107 | D:2      | Found an opulent altar of Gozag.
   173 | D:1      | Reached XP level 2. HP: 16/19 MP: 2/2
   638 | D:2      | Reached XP level 3. HP: 23/23 MP: 3/3
   774 | D:2      | Found Gozag's Platinum Reserve.
  1349 | D:3      | Reached XP level 4. HP: 24/28 MP: 4/4
  1452 | D:3      | Noticed Sigmund
  1487 | D:3      | HP: 2/63 [something (2)]
  1500 | D:3      | Reached skill level 1 in Dodging
  1511 | D:3      | Killed from afar by Sigmund

Illustrated notes

Levels and vault maps discovered:
D:1:      minmay_arrival_checkered_box, layout_rooms
D:2:      layout_basic, minivault_26, corner_web_ring, minmay_crystal_water,
          nicolae_gozag_zags_fifth_avenue
D:3:      layout_loops_ring, amethyst_overflow_temple_binary, uniq_sigmund

Skill      XL: |  1  2  3  4 |
---------------+-------------+-----
Shields        | 4 |  4.4
Armour         | 4 |  4.0
Dodging        | 1 |  1.0
Fighting       | |  3.5
Maces & Flails | |  2.7

Action                   |  1- 3 |  4- 6 || total
-------------------------+-------+-------++-------
Melee: Flail             |   142 |    26 ||   168
Throw: Stone             |       |     6 ||     6
  Use: Scroll            |     3 |     1 ||     4
       Potion            |       |     6 ||     6
  Eat: Chunk             |     2 |       ||     2
Armor: Scale mail        |    91 |    21 ||   112
       Skin              |       |    34 ||    34
Dodge: Dodged            |    46 |    16 ||    62
Block: Kite shield       |    88 |    38 ||   126
